 Dungeon Crawl Stone Soup version 0.24.0 (webtiles) character file.

Game seed: 3552253249041475254, levelgen mode: deterministic

564 Mrkan the Slasher (level 7, -2/44 HPs)
             Began as a Tengu Fighter on Oct 25, 2019.
             Slain by barb4r1an's ghost (8 damage)
             ... on level 4 of the Dungeon.
             The game lasted 00:06:29 (3594 turns).

Mrkan the Slasher (Tengu Fighter)                   Turns: 3594, Time: 00:06:30

Health: -2/44      AC: 10    Str: 19    XL:     7   Next: 32%
Magic:  8/8        EV:  6    Int:  8    God:
Gold:   147        SH: 10    Dex: 13    Spells: 6/6 levels left

rFire    . . .     SeeInvis .   a - +0 long sword
rCold    + . .     Gourm    .   c - +0 shield
rNeg     . . .     Faith    .   q - +0 chain mail
rPois    .         Spirit   .   (helmet restricted)
rElec    .         Reflect  .   l - +0 cloak
rCorr    .         Harm     .   (no gloves)
MR       .....                  (boots unavailable)
Stlth    ..........             (no amulet)
HPRegen  0.14/turn              g - ring of protection from cold
MPRegen  0.11/turn              (no ring)

@: flying quickly and evasively, quick
A: beak, talons 3, able to fly
a: Fly


You were on level 4 of the Dungeon.
You were not hungry.

You visited 1 branch of the dungeon, and saw 4 of its levels.

You collected 147 gold pieces.

Inventory:

Hand Weapons
 a - a +0 long sword (weapon)
Missiles
 t - 122 stones (quivered)
 A - 10 boomerangs
Armour
 c - a +0 shield (worn)
 l - a +0 cloak (worn)
 q - a +0 chain mail (worn)
Jewellery
 g - a ring of protection from cold (left hand)
 p - a cursed amulet of inaccuracy
 w - a cursed +3 amulet of reflection {unknown}
 C - an uncursed ring of ice {unknown}
Scrolls
 b - a scroll of amnesia {unknown}
 d - a scroll of fog {unknown}
 e - 5 scrolls of identify
 h - 2 scrolls of noise {unknown}
 k - a scroll of blinking {unknown}
 m - 3 scrolls of teleportation {unknown}
 n - 3 scrolls of magic mapping {unknown}
 v - a scroll of remove curse {unknown}
 y - a scroll of fear {unknown}
 z - a scroll of enchant weapon {unknown}
Potions
 i - 3 potions of flight
 j - a potion of mutation {unknown}
 o - 5 potions of heal wounds {unknown}
 r - a potion of degeneration {unknown}
 s - a potion of lignification {unknown}
 u - 3 potions of curing {unknown}
 x - 2 potions of cancellation {unknown}
 B - a potion of haste {unknown}
Comestibles
 f - 7 rations


   Skills:
 + Level 4.8 Fighting
 * Level 6.2 Long Blades
 - Level 3.2 Armour
 + Level 4.7 Shields


You had 6 spell levels left.
You didn't know any spells.
Your spell library was empty.

Dungeon Overview and Level Annotations

Branches:
Dungeon (4/15)
 Temple: D:4-7

Altars:
Sif Muna

Annotations:
D:4 barb4r1an's ghost, novice OpTm


Innate Abilities, Weirdness & Mutations

You have a beak for a mouth.
You have claws for feet.
You can fly continuously.


Message History

Your kick misses barb4r1an's ghost. Your peck misses barb4r1an's ghost.
Barb4r1an's ghost hits you but does no damage.
You are electrocuted!
You miss barb4r1an's ghost. Your peck misses barb4r1an's ghost.
Barb4r1an's ghost hits you but does no damage.
You are electrocuted!
You block barb4r1an's ghost's attack.
You completely miss barb4r1an's ghost. You block barb4r1an's ghost's attack.
You completely miss barb4r1an's ghost. Your kick misses barb4r1an's ghost.
Barb4r1an's ghost hits you.
You are electrocuted!
* * * LOW HITPOINT WARNING * * *
You closely miss barb4r1an's ghost. Your kick misses barb4r1an's ghost.
Your peck misses barb4r1an's ghost. Barb4r1an's ghost hits you.
* * * LOW HITPOINT WARNING * * *
It was a potion of flight.
You feel very buoyant.
You swoop lightly up into the air.
Barb4r1an's ghost barely misses you.
You closely miss barb4r1an's ghost. You block barb4r1an's ghost's attack.
Barb4r1an's ghost hits you but does no damage.
You are electrocuted!
You die...

#........# #.#####..## ### #
#.#.......# #.. ###.#.###...#
####.# ............###########
#.<... .##.#.##..............#
#.##.. .##.#.#..########.###.#
#.##.. .##......#.....#...##.#
#..... .#########!≈≈≈≈W@...#.#
####.. .# #.....#......# #.. .#
########....### ##.. .# ##'##
#...## ##.#. .# ##...## ##.##
##.##. ## ##.....#####.### #.##..
## ##..............## ##.#.#
.####.........###....#########...
....+.........+..................


You could see barb4r1an's ghost.

Vanquished Creatures
  An ogre (D:4)
  2 hounds (D:4)
  A bullfrog skeleton (D:4)
  An orc priest (D:3)
  2 orc wizards (D:4)
  An iguana (D:4)
  2 worker ants (D:4)
  5 gnolls
  10 adders
  An ooze (D:2)
  An adder zombie (D:4)
  4 worms
  A dart slug (D:1)
  3 leopard geckos
  10 orcs
  3 giant cockroaches
  4 goblins
  4 hobgoblins
  9 kobolds
  2 quokkas (D:4)
  A ball python (D:2)
  A ball python skeleton (D:4)
  4 bats
  4 frilled lizards
  10 rats
87 creatures vanquished.

Notes
Turn   | Place    | Note
-------+----------+-------------------------------------------
     0 | D:1      | Mrkan the Tengu Fighter began the quest for the Orb.
     0 | D:1      | Reached XP level 1. HP: 14/14 MP: 2/2
   160 | D:1      | Reached XP level 2. HP: 12/19 MP: 3/3
   220 | D:1      | Reached skill level 3 in Long Blades
   353 | D:1      | Reached XP level 3. HP: 23/23 MP: 4/4
  1179 | D:2      | Reached XP level 4. HP: 21/28 MP: 5/5
  1589 | D:2      | Reached skill level 4 in Long Blades
  1597 | D:2      | Gained mutation: You can fly continuously. [Tengu growth]
  1597 | D:2      | Reached XP level 5. HP: 18/33 MP: 6/6
  2570 | D:3      | Found a shimmering blue altar of Sif Muna.
  2744 | D:4      | Noticed an ogre
  2752 | D:4      | Killed an ogre
  2752 | D:4      | Reached skill level 5 in Long Blades
  2752 | D:4      | Reached XP level 6. HP: 35/38 MP: 7/7
  2773 | D:4      | Found a runed translucent door.
  3132 | D:4      | Reached XP level 7. HP: 42/44 MP: 8/8
  3153 | D:4      | Reached skill level 6 in Long Blades
  3580 | D:4      | Noticed barb4r1an's ghost (novice OpTm)
  3594 | D:4      | Slain by barb4r1an's ghost

Levels and vault maps discovered:
D:1:      lemuel_arrival_room, layout_loops_corners
D:2:      layout_loops_corners
D:3:      layout_loops_ring, tgw_sif
D:4:      layout_loops_corners, ebering_ghost_reflecting_pool
